Senators vs Icehogs
(R1)
Created - October 15, 2023 at 10:05
Goals
|
| Senators |
1 |
2 |
2 |
5 |
| Icehogs |
2 |
0 |
1 |
3 |
|
Shots
|
| Senators |
15 |
10 |
18 |
43 |
| Icehogs |
7 |
6 |
8 |
21 |
|
1st period
1. Senators , Christoph Bertschy 1 (Zachary Sanford 1) at 13:16 (PP)
2. Icehogs , Hudson Fasching 4 (Mikhail Grigorenko 1, Patrick Sieloff 1) at 17:09
3. Icehogs , Hudson Fasching 5 (Mikhail Grigorenko 2, Dillon Dube 2) at 18:31 (PP)
Penalties :
Duncan Siemens (Roc) for Interference (Minor) at 0:41, Mike Reilly (Roc) for Interference (Minor) at 4:38, Michael Rasmussen (Roc) for Interference (Minor) at 10:30, Ross Johnston (Roc) for Hooking (Minor) at 13:12, Christoph Bertschy (Bel) for Hooking (Minor) at 13:27, Jordan Schmaltz (Bel) for Tripping (Minor) at 18:15
2nd period
4. Senators , Carl Grundstrom 1 (Zachary Sanford 2) at 0:20
5. Senators , Christoph Bertschy 2 (Zachary Sanford 3, Jordan Schmaltz 2) at 4:31
Penalties :
Myles Bell (Roc) for High sticking (Minor) at 2:00, Joonas Lyytinen (Bel) for Tripping (Minor) at 2:13, Mikhail Grigorenko (Roc) for Elbowing (Minor) at 4:37, Zach Whitecloud (Roc) for Holding (Minor) at 9:25, Jordan Schmaltz (Bel) for Hooking (Minor) at 15:20
3rd period
6. Senators , Zachary Sanford 3 (Christoph Bertschy 3, Keegan Lowe 1) at 1:44
7. Icehogs , Dillon Dube 2 (Mikhail Grigorenko 3, Hudson Fasching 2) at 2:46
8. Senators , Christoph Bertschy 3 (Zachary Sanford 4, Jordan Schmaltz 3) at 3:02
Penalties :
Mike Reilly (Roc) for Hooking (Minor) at 3:05, Mike Reilly (Roc) for Hooking (Minor) at 13:27
Goalie Stats
David Rittich (Bel), 18 saves from 21 shots - (0.857), W, 2-0-0, 60:00 minutes
Mackenzie Blackwood (Roc), 38 saves from 43 shots - (0.884), L, 0-1-0, 60:00 minutes
Players Stats for Senators
Player Name G A P +/- PIM S H SB GA TA FO MP PP MP PK MP
------------------------------------------------------------------------------------
Anton Karlsson 0 0 0 0 0 2 0 0 0 0 0/0 8:31 0:52 0:57
Brendan Perlini 0 0 0 0 0 3 0 0 0 0 0/0 17:26 5:23 0:48
C.J Suess 0 0 0 0 0 0 0 0 0 1 3/3 11:25 0:59 1:19
Carl Grundstrom 1 0 1 1 0 2 0 1 0 2 2/2 20:28 6:54 0:00
Christoph Bertschy 3 1 4 2 2 9 3 0 1 1 13/33 23:29 7:00 1:20
David Kase 0 0 0 0 0 0 3 0 0 0 0/0 9:59 0:59 0:00
Grant Besse 0 0 0 0 0 2 1 0 0 0 0/0 15:34 5:23 0:00
Jacob De La Rose 0 0 0 0 0 3 2 0 2 0 6/11 18:11 5:25 1:38
Jonas Siegenthaler 0 0 0 0 0 2 0 0 0 0 0/0 12:06 0:47 1:11
Joonas Lyytinen 0 0 0 2 2 1 0 2 1 0 0/0 21:26 5:25 1:59
Jordan Schmaltz 0 2 2 1 4 1 1 1 2 1 0/0 26:55 8:12 1:25
Keegan Lowe 0 1 1 1 0 2 1 2 0 1 0/0 28:00 8:12 2:25
Kevin Rooney 0 0 0 0 0 2 1 0 0 0 1/4 10:05 0:58 0:10
Mason Geertsen 0 0 0 0 0 2 0 0 0 0 0/0 9:55 0:35 0:02
Michael McCarron 0 0 0 0 0 1 0 0 0 0 3/3 7:41 0:51 0:00
Nikita Nesterov 0 0 0 1 0 4 0 1 0 0 0/0 21:45 5:26 1:52
Vitaly Abramov 0 0 0 0 0 0 0 0 0 0 0/0 6:01 0:25 0:00
Zachary Sanford 1 4 5 2 0 7 3 3 1 1 1/3 24:46 7:03 2:42
Players Stats for Icehogs
Player Name G A P +/- PIM S H SB GA TA FO MP PP MP PK MP
------------------------------------------------------------------------------------
Adam Boqvist 0 0 0 0 0 0 0 0 0 0 0/0 6:39 0:00 1:20
Andrew Poturalski 0 0 0 -1 0 0 1 2 0 0 5/11 16:55 1:43 3:35
Calle Andersson 0 0 0 0 0 0 0 0 0 0 0/0 7:02 0:00 0:24
Clark Bishop 0 0 0 0 0 0 0 0 0 0 1/3 8:28 0:00 1:36
Dillon Dube 1 1 2 0 0 2 1 0 0 1 22/39 24:02 2:26 6:45
Duncan Siemens 0 0 0 -1 2 2 0 0 0 0 0/0 17:52 1:50 4:25
Hudson Fasching 2 1 3 0 0 6 1 1 2 0 0/0 15:03 2:26 0:00
J.T. Brown 0 0 0 0 0 3 1 1 0 1 1/1 12:33 1:30 0:00
Jackson Cates 0 0 0 0 0 0 0 0 0 0 0/0 0:00 0:00 0:00
Jeremy Davies 0 0 0 0 0 0 1 0 0 0 0/0 11:02 0:00 3:24
JJ. Piccinich 0 0 0 0 0 0 0 0 0 0 0/0 1:44 0:18 0:00
Julius Honka 0 0 0 -1 0 0 1 1 0 1 0/0 18:56 1:50 5:03
Kurtis Gabriel 0 0 0 -1 0 0 0 0 0 0 0/0 6:54 0:00 0:00
Michael Rasmussen 0 0 0 -1 2 0 0 0 0 0 0/2 10:05 0:00 2:07
Mike Reilly 0 0 0 -1 6 1 1 0 2 3 0/0 25:19 2:37 5:20
Mikhail Grigorenko 0 3 3 0 2 3 1 0 1 1 1/2 23:20 2:26 5:48
Mitchell Chaffee 0 0 0 0 0 0 0 0 0 0 0/0 0:00 0:00 0:00
Myles Bell 0 0 0 -1 2 0 1 1 0 0 0/1 18:22 1:43 5:18
Nick Paul 0 0 0 -2 0 2 1 0 0 0 0/0 11:06 0:31 1:54
Nikita Scherbak 0 0 0 0 0 0 0 0 0 0 0/0 5:51 0:00 0:00
Patrick Russell 0 0 0 0 0 0 0 0 0 0 0/0 0:00 0:00 0:00
Patrick Sieloff 0 1 1 -1 0 2 1 1 2 0 0/0 27:56 2:37 8:24
Ross Johnston 0 0 0 0 2 0 0 0 0 0 0/0 8:10 0:18 1:17
Zach Whitecloud 0 0 0 0 2 0 0 0 0 0 0/0 6:36 0:00 0:00
3 Stars
1 - Zachary Sanford (Bel)
2 - Christoph Bertschy (Bel)
3 - Hudson Fasching (Roc)
Power Play
Senators - 1 on 9 Attempt(s) - 11.11%
Icehogs - 1 on 4 Attempt(s) - 25.00%
Penalty Kill
Senators - 3 on 4 Attempt(s) - 75.00%
- Score 0 goal in Penalty Kill
Icehogs - 8 on 9 Attempt(s) - 88.89%
- Score 0 goal in Penalty Kill
Team Stat
Senators - Hits : 15 - Faceoff Wins : 29 - Blocked Shots : 10 - Penalty Minutes : 8
Icehogs - Hits : 11 - Faceoff Wins : 30 - Blocked Shots : 7 - Penalty Minutes : 18
Official
Referees : Pierre Lambert and Reid Anderson
Linesman : Mark Shewchyk and Steve Barton
Game Notes
Christoph Bertschy has scored a Hat Trick!
Finance
Level 1 -- Attendance: 2000 (100.00%) -- Ticket Income $140,000
Level 2 -- Attendance: 893 (89.30%) -- Ticket Income $35,720
Total Attendance: 2893 (96.43%)
Total Ticket Income: $175,720
Other Income: $8,786
Total Income: $184,506
Senators
5 vs 5 Forward
Center Left Wing Right Wing Time % Phy DF OF
1 Christoph Bertschy Zachary Sanford Carl Grundstrom 40 1 2 2
2 Jacob De La Rose Brendan Perlini Grant Besse 30 1 2 2
3 Kevin Rooney C.J Suess David Kase 20 0 3 2
4 Michael McCarron Anton Karlsson Vitaly Abramov 10 0 3 2
5 vs 5 Defense
Defense Defense Time % Phy DF OF
1 Jordan Schmaltz Keegan Lowe 40 1 2 2
2 Joonas Lyytinen Nikita Nesterov 30 1 2 2
3 Jonas Siegenthaler Mason Geertsen 20 1 2 2
4 Jordan Schmaltz Keegan Lowe 10 1 2 2
PowerPlay Forward
Center Left Wing Right Wing Time % Phy DF OF
1 Christoph Bertschy Zachary Sanford Carl Grundstrom 60 1 1 3
2 Jacob De La Rose Brendan Perlini Grant Besse 40 1 1 3
PowerPlay Defense
Defense Defense Time % Phy DF OF
1 Jordan Schmaltz Keegan Lowe 60 1 1 3
2 Joonas Lyytinen Nikita Nesterov 40 1 1 3
Penalty Kill 4 Players Forward
Center Wing Time % Phy DF OF
1 Christoph Bertschy Zachary Sanford 60 1 3 1
2 Jacob De La Rose Brendan Perlini 40 1 3 1
Penalty Kill 4 Players Defense
Defense Defense Time % Phy DF OF
1 Jordan Schmaltz Keegan Lowe 60 1 3 1
2 Joonas Lyytinen Nikita Nesterov 40 1 3 1
Penalty Kill - 3 Players Forward
Forward Time % Phy DF OF
1 Christoph Bertschy 60 1 3 1
2 Jacob De La Rose 40 1 3 1
Penalty Kill - 3 Players Defense
Defense Defense Time % Phy DF OF
1 Jordan Schmaltz Keegan Lowe 60 1 3 1
2 Joonas Lyytinen Nikita Nesterov 40 1 3 1
4 vs 4 Forward
Center Wing Time % Phy DF OF
1 Christoph Bertschy Zachary Sanford 60 0 2 3
2 Jacob De La Rose Brendan Perlini 40 0 2 3
4 vs 4 Defense
Defense Defense Time % Phy DF OF
1 Jordan Schmaltz Keegan Lowe 60 1 2 2
2 Joonas Lyytinen Nikita Nesterov 40 1 2 2
Last Minutes Offensive
Center Left Wing Right Wing Defense Defense
Christoph Bertschy Zachary Sanford Carl Grundstrom Jordan Schmaltz Keegan Lowe
Last Minutes Defensive
Center Left Wing Right Wing Defense Defense
Christoph Bertschy Zachary Sanford Carl Grundstrom Jordan Schmaltz Keegan Lowe
Goaltenders
Starting : David Rittich
Backup : Arvid Soderblom
Extra Forwards
Normal : C.J Suess, Kevin Rooney, Carl Grundstrom - PP : C.J Suess, Kevin Rooney - PK : C.J Suess
Extra Defensemen
Normal : Nikita Nesterov, Jonas Siegenthaler, Mason Geertsen - PP : Nikita Nesterov - PK : Nikita Nesterov, Jonas Siegenthaler
Penalty Shots
Zachary Sanford, Christoph Bertschy, Jacob De La Rose, Brendan Perlini, C.J Suess
Custom OT Lines Forwards
Zachary Sanford, Christoph Bertschy, Jacob De La Rose, Brendan Perlini, C.J Suess, Kevin Rooney, Carl Grundstrom, Grant Besse, Michael McCarron, Anton Karlsson
Custom OT Lines Defensemen
Jordan Schmaltz, Keegan Lowe, Joonas Lyytinen, Nikita Nesterov, Jonas Siegenthaler
Scratches
Akil Thomas (Healthy), Ivan Morozov (Healthy), Gustav Forsling (Healthy), Martin Fehervary (Healthy), Alec Regula (Healthy)
Arttu Ruotsalainen (Healthy), Cliff Pu (Healthy), Bryce Kindopp (Healthy), Olivier Rodrigue (Healthy), Olle Eriksson Ek (Healthy)
Icehogs
5 vs 5 Forward
Center Left Wing Right Wing Time % Phy DF OF
1 Dillon Dube Mikhail Grigorenko Hudson Fasching 40 1 2 2
2 Andrew Poturalski Myles Bell J.T. Brown 30 1 2 2
3 Michael Rasmussen Nick Paul Kurtis Gabriel 20 1 2 2
4 Clark Bishop Ross Johnston Nikita Scherbak 10 1 2 2
5 vs 5 Defense
Defense Defense Time % Phy DF OF
1 Mike Reilly Patrick Sieloff 40 1 2 2
2 Julius Honka Duncan Siemens 30 1 2 2
3 Calle Andersson Jeremy Davies 20 1 2 2
4 Adam Boqvist Zach Whitecloud 10 1 2 2
PowerPlay Forward
Center Left Wing Right Wing Time % Phy DF OF
1 Dillon Dube Mikhail Grigorenko Hudson Fasching 60 1 2 2
2 Andrew Poturalski Myles Bell J.T. Brown 40 1 2 2
PowerPlay Defense
Defense Defense Time % Phy DF OF
1 Mike Reilly Patrick Sieloff 60 1 2 2
2 Julius Honka Duncan Siemens 40 1 2 2
Penalty Kill 4 Players Forward
Center Wing Time % Phy DF OF
1 Dillon Dube Mikhail Grigorenko 60 1 2 2
2 Andrew Poturalski Myles Bell 40 1 2 2
Penalty Kill 4 Players Defense
Defense Defense Time % Phy DF OF
1 Mike Reilly Patrick Sieloff 60 1 2 2
2 Julius Honka Duncan Siemens 40 1 2 2
Penalty Kill - 3 Players Forward
Forward Time % Phy DF OF
1 Dillon Dube 60 1 2 2
2 Andrew Poturalski 40 1 2 2
Penalty Kill - 3 Players Defense
Defense Defense Time % Phy DF OF
1 Mike Reilly Patrick Sieloff 60 1 2 2
2 Julius Honka Duncan Siemens 40 1 2 2
4 vs 4 Forward
Center Wing Time % Phy DF OF
1 Dillon Dube Mikhail Grigorenko 60 1 2 2
2 Andrew Poturalski Myles Bell 40 1 2 2
4 vs 4 Defense
Defense Defense Time % Phy DF OF
1 Mike Reilly Patrick Sieloff 60 1 2 2
2 Julius Honka Duncan Siemens 40 1 2 2
Last Minutes Offensive
Center Left Wing Right Wing Defense Defense
Dillon Dube Mikhail Grigorenko Hudson Fasching Mike Reilly Patrick Sieloff
Last Minutes Defensive
Center Left Wing Right Wing Defense Defense
Dillon Dube Mikhail Grigorenko Hudson Fasching Mike Reilly Patrick Sieloff
Goaltenders
Starting : Mackenzie Blackwood
Backup : Oscar Dansk
Extra Forwards
Normal : Myles Bell, Nick Paul, Dillon Dube - PP : Myles Bell, Nick Paul - PK : Myles Bell
Extra Defensemen
Normal : Jeremy Davies, Adam Boqvist, Zach Whitecloud - PP : Jeremy Davies - PK : Jeremy Davies, Adam Boqvist
Penalty Shots
Hudson Fasching, J.T. Brown, Mikhail Grigorenko, Kurtis Gabriel, Myles Bell
Custom OT Lines Forwards
Hudson Fasching, J.T. Brown, Mikhail Grigorenko, Kurtis Gabriel, Myles Bell, Nick Paul, Dillon Dube, Nikita Scherbak, Andrew Poturalski, Michael Rasmussen
Custom OT Lines Defensemen
Mike Reilly, Patrick Sieloff, Julius Honka, Duncan Siemens, Calle Andersson
Scratches
Kristian Reichel (Healthy), Declan Chisholm (Healthy), Gabriel Fortier (Healthy)
% Time on Ice - Senators
Lines # - Real PCT - Wanted PCT - Time Play
Normal Forward
1 - 35% - 40% - 13:51
2 - 32% - 30% - 12:42
3 - 19% - 20% - 7:34
4 - 14% - 10% - 5:30
Normal Defense
1 - 41% - 40% - 16:24
2 - 37% - 30% - 14:35
3 - 22% - 20% - 8:38
4 - 0% - 10% - 0:00
PP Forward
1 - 62% - 60% - 8:45
2 - 38% - 40% - 5:25
PP Defense
1 - 62% - 60% - 8:44
2 - 38% - 40% - 5:26
PK Forward
1 - 84% - 60% - 3:44
2 - 16% - 40% - 0:43
PK Defense
1 - 62% - 60% - 2:45
2 - 38% - 40% - 1:42
PK3 Forward
1 - 0% - 60%
2 - 0% - 40%
PK3 Defense
1 - 0% - 60%
2 - 0% - 40%
44 Forward
1 - 72% - 60% - 1:16
2 - 28% - 40% - 0:30
44 Defense
1 - 56% - 60% - 0:59
2 - 44% - 40% - 0:47
Last Minute Offensive - 0:00
Last Minute Defensive - 0:00
Total
Forward - 60:00
Defense - 60:00
|
% Time on Ice - Icehogs
Lines # - Real PCT - Wanted PCT - Time Play
Normal Forward
1 - 34% - 40% - 13:35
2 - 34% - 30% - 13:39
3 - 16% - 20% - 6:32
4 - 15% - 10% - 5:51
Normal Defense
1 - 40% - 40% - 15:55
2 - 30% - 30% - 11:45
3 - 17% - 20% - 6:38
4 - 13% - 10% - 5:19
PP Forward
1 - 61% - 60% - 2:44
2 - 39% - 40% - 1:43
PP Defense
1 - 59% - 60% - 2:37
2 - 41% - 40% - 1:50
PK Forward
1 - 75% - 60% - 10:35
2 - 25% - 40% - 3:35
PK Defense
1 - 64% - 60% - 9:07
2 - 36% - 40% - 5:03
PK3 Forward
1 - 0% - 60%
2 - 0% - 40%
PK3 Defense
1 - 0% - 60%
2 - 0% - 40%
44 Forward
1 - 72% - 60% - 1:16
2 - 28% - 40% - 0:30
44 Defense
1 - 83% - 60% - 1:28
2 - 17% - 40% - 0:18
Last Minute Offensive - 0:00
Last Minute Defensive - 0:00
Total
Forward - 60:00
Defense - 60:00
|
Play-by-Play
1st period
0:01 of 1st period - Carl Grundstrom wins face-off versus Dillon Dube in neutral zone.
0:36 of 1st period - Snap shot by Christoph Bertschy.
0:36 of 1st period - Stopped by Mackenzie Blackwood with a rebound.
0:38 of 1st period - Slapshot by Joonas Lyytinen.
0:38 of 1st period - Stopped by Mackenzie Blackwood without a rebound.
0:39 of 1st period - Andrew Poturalski wins face-off versus Jacob De La Rose in Icehogs zone.
0:41 of 1st period - Minor Penalty to Duncan Siemens for Interference.
0:42 of 1st period - Dillon Dube wins face-off versus Christoph Bertschy in Icehogs zone.
1:28 of 1st period - Off-side.
1:29 of 1st period - Christoph Bertschy wins face-off versus Dillon Dube in neutral zone.
2:41 of 1st period - Penalty to Duncan Siemens is over, Duncan Siemens is back on ice.
3:09 of 1st period - Icing by Clark Bishop.
3:10 of 1st period - Michael McCarron wins face-off versus Clark Bishop in Icehogs zone.
3:22 of 1st period - Slapshot by Jordan Schmaltz.
3:22 of 1st period - Shot Misses the Net.
3:33 of 1st period - Icing by Zach Whitecloud.
3:34 of 1st period - Jacob De La Rose wins face-off versus Dillon Dube in Icehogs zone.
3:35 of 1st period - Wrist shot by Brendan Perlini.
3:35 of 1st period - Shot Misses the Net.
3:37 of 1st period - Slapshot by Nikita Nesterov.
3:37 of 1st period - Deflect By Mikhail Grigorenko.
3:37 of 1st period - Stopped by Mackenzie Blackwood with a rebound.
4:11 of 1st period - Snap shot by Zachary Sanford.
4:11 of 1st period - Stopped by Mackenzie Blackwood without a rebound.
4:12 of 1st period - Zachary Sanford wins face-off versus Andrew Poturalski in Icehogs zone.
4:23 of 1st period - Snap shot by Myles Bell.
4:23 of 1st period - Shot Blocked by Keegan Lowe.
4:25 of 1st period - Wrist shot by J.T. Brown.
4:25 of 1st period - Stopped by David Rittich without a rebound.
4:26 of 1st period - Jacob De La Rose wins face-off versus Dillon Dube in Senators zone.
4:38 of 1st period - Minor Penalty to Mike Reilly for Interference.
4:39 of 1st period - Dillon Dube wins face-off versus Zachary Sanford in Icehogs zone.
4:53 of 1st period - Dillon Dube is hit by Christoph Bertschy and loses puck.
5:20 of 1st period - Snap shot by Brendan Perlini.
5:20 of 1st period - Shot Blocked by Julius Honka.
5:22 of 1st period - Backhand shot by Keegan Lowe.
5:22 of 1st period - Stopped by Mackenzie Blackwood without a rebound.
5:23 of 1st period - Andrew Poturalski wins face-off versus Jacob De La Rose in Icehogs zone.
5:36 of 1st period - Snap shot by Jacob De La Rose.
5:36 of 1st period - Stopped by Mackenzie Blackwood with a rebound.
6:14 of 1st period - Christoph Bertschy is hit by Dillon Dube and loses puck.
6:38 of 1st period - Penalty to Mike Reilly is over, Mike Reilly is back on ice.
6:47 of 1st period - Snap shot by Kevin Rooney.
6:47 of 1st period - Shot Misses the Net.
7:13 of 1st period - Slapshot by Julius Honka.
7:13 of 1st period - Shot Misses the Net.
7:15 of 1st period - Snap shot by Duncan Siemens.
7:15 of 1st period - Deflect By Anton Karlsson.
7:15 of 1st period - Stopped by David Rittich without a rebound.
7:16 of 1st period - Jacob De La Rose wins face-off versus Andrew Poturalski in Senators zone.
7:16 of 1st period - Jacob De La Rose is hit by Mike Reilly.
7:46 of 1st period - Backhand shot by Hudson Fasching.
7:46 of 1st period - Shot Blocked by Joonas Lyytinen.
7:52 of 1st period - Zachary Sanford is hit by Hudson Fasching and loses puck.
8:40 of 1st period - Snap shot by Christoph Bertschy.
8:40 of 1st period - Stopped by Mackenzie Blackwood with a rebound.
8:42 of 1st period - Snap shot by Zachary Sanford.
8:42 of 1st period - Stopped by Mackenzie Blackwood with a rebound.
8:48 of 1st period - Snap shot by Christoph Bertschy.
8:48 of 1st period - Stopped by Mackenzie Blackwood with a rebound.
8:50 of 1st period - Slapshot by Zachary Sanford.
8:50 of 1st period - Stopped by Mackenzie Blackwood without a rebound.
8:51 of 1st period - Dillon Dube wins face-off versus Jacob De La Rose in Icehogs zone.
9:04 of 1st period - Slapshot by Grant Besse.
9:04 of 1st period - Stopped by Mackenzie Blackwood without a rebound.
9:05 of 1st period - Jacob De La Rose wins face-off versus Dillon Dube in Icehogs zone.
9:33 of 1st period - Off-side.
9:34 of 1st period - Andrew Poturalski wins face-off versus Kevin Rooney in neutral zone.
9:45 of 1st period - Jonas Siegenthaler is hit by Myles Bell and loses puck.
10:30 of 1st period - Minor Penalty to Michael Rasmussen for Interference.
10:31 of 1st period - Christoph Bertschy wins face-off versus Dillon Dube in Icehogs zone.
12:00 of 1st period - Icing by Carl Grundstrom.
12:01 of 1st period - Clark Bishop wins face-off versus Christoph Bertschy in Senators zone.
12:30 of 1st period - Penalty to Michael Rasmussen is over, Michael Rasmussen is back on ice.
12:50 of 1st period - Snap shot by Kevin Rooney.
12:50 of 1st period - Stopped by Mackenzie Blackwood without a rebound.
12:51 of 1st period - Michael McCarron wins face-off versus Clark Bishop in Icehogs zone.
13:00 of 1st period - Slapshot by Anton Karlsson.
13:00 of 1st period - Stopped by Mackenzie Blackwood with a rebound.
13:12 of 1st period - Minor Penalty to Ross Johnston for Hooking.
13:13 of 1st period - Christoph Bertschy wins face-off versus Dillon Dube in Icehogs zone.
13:16 of 1st period - Slapshot by Christoph Bertschy.
13:16 of 1st period - Goal by Christoph Bertschy - Senators : 1 - Icehogs : 0.
13:17 of 1st period - Dillon Dube wins face-off versus Christoph Bertschy in neutral zone.
13:20 of 1st period - Slapshot by Mike Reilly.
13:20 of 1st period - Deflect By Mikhail Grigorenko.
13:20 of 1st period - Shot Misses the Net.
13:20 of 1st period - Puck is out of play.
13:21 of 1st period - Dillon Dube wins face-off versus Christoph Bertschy in Senators zone.
13:27 of 1st period - Minor Penalty to Christoph Bertschy for Hooking.
13:28 of 1st period - C.J Suess wins face-off versus Dillon Dube in Senators zone.
13:44 of 1st period - Snap shot by Hudson Fasching.
13:44 of 1st period - Deflect By Zachary Sanford.
13:44 of 1st period - Shot Misses the Net.
13:44 of 1st period - Puck is out of play.
13:45 of 1st period - C.J Suess wins face-off versus Mikhail Grigorenko in Senators zone.
13:58 of 1st period - Wrist shot by Hudson Fasching.
13:58 of 1st period - Shot Blocked by Zachary Sanford.
15:27 of 1st period - Penalty to Christoph Bertschy is over, Christoph Bertschy is back on ice.
15:28 of 1st period - Myles Bell is hit by Christoph Bertschy and loses puck.
16:27 of 1st period - Slapshot by C.J Suess.
16:27 of 1st period - Deflect By Kevin Rooney.
16:27 of 1st period - Stopped by Mackenzie Blackwood without a rebound.
16:28 of 1st period - Dillon Dube wins face-off versus Kevin Rooney in Icehogs zone.
16:36 of 1st period - Hudson Fasching is hit by David Kase and loses puck.
16:47 of 1st period - Snap shot by Nick Paul.
16:47 of 1st period - Stopped by David Rittich with a rebound.
16:57 of 1st period - Off-side.
16:58 of 1st period - Dillon Dube wins face-off versus Christoph Bertschy in neutral zone.
17:09 of 1st period - Wrist shot by Hudson Fasching.
17:09 of 1st period - Goal by Hudson Fasching - Senators : 1 - Icehogs : 1.
17:10 of 1st period - Dillon Dube wins face-off versus Zachary Sanford in neutral zone.
17:15 of 1st period - Wrist shot by Hudson Fasching.
17:15 of 1st period - Stopped by David Rittich without a rebound.
17:16 of 1st period - Christoph Bertschy wins face-off versus Dillon Dube in Senators zone.
18:09 of 1st period - Wrist shot by Kurtis Gabriel.
18:09 of 1st period - Shot Blocked by Keegan Lowe.
18:15 of 1st period - Minor Penalty to Jordan Schmaltz for Tripping.
18:16 of 1st period - Dillon Dube wins face-off versus Christoph Bertschy in Senators zone.
18:31 of 1st period - Wrist shot by Mikhail Grigorenko.
18:31 of 1st period - Deflect By Hudson Fasching.
18:31 of 1st period - Goal by Hudson Fasching - Senators : 1 - Icehogs : 2.
18:32 of 1st period - Mikhail Grigorenko wins face-off versus Christoph Bertschy in neutral zone.
18:45 of 1st period - Wrist shot by Hudson Fasching.
18:45 of 1st period - Stopped by David Rittich with a rebound.
18:47 of 1st period - Slapshot by Mike Reilly.
18:47 of 1st period - Shot Blocked by Zachary Sanford.
18:54 of 1st period - Icing by Keegan Lowe.
18:55 of 1st period - Christoph Bertschy wins face-off versus Myles Bell in Senators zone.
18:59 of 1st period - Off-side.
19:00 of 1st period - Jacob De La Rose wins face-off versus Andrew Poturalski in neutral zone.
19:03 of 1st period - Julius Honka is hit by Jordan Schmaltz and loses puck.
19:49 of 1st period - Kurtis Gabriel is hit by David Kase and loses puck.
Goals for this period are 1 for Senators vs 2 for Icehogs.
Shots for this period are 15 for Senators vs 7 for Icehogs.
2nd period
0:01 of 2nd period - Dillon Dube wins face-off versus Christoph Bertschy in neutral zone.
0:08 of 2nd period - Wrist shot by Hudson Fasching.
0:08 of 2nd period - Stopped by David Rittich without a rebound.
0:09 of 2nd period - Dillon Dube wins face-off versus Christoph Bertschy in Senators zone.
0:20 of 2nd period - Wrist shot by Carl Grundstrom.
0:20 of 2nd period - Goal by Carl Grundstrom - Senators : 2 - Icehogs : 2.
0:21 of 2nd period - Christoph Bertschy wins face-off versus Andrew Poturalski in neutral zone.
0:53 of 2nd period - Keegan Lowe is hit by Mikhail Grigorenko and loses puck.
1:00 of 2nd period - Snap shot by Mikhail Grigorenko.
1:00 of 2nd period - Stopped by David Rittich with a rebound.
1:52 of 2nd period - Snap shot by Christoph Bertschy.
1:52 of 2nd period - Shot Misses the Net.
2:00 of 2nd period - Minor Penalty to Myles Bell for High sticking.
2:01 of 2nd period - Dillon Dube wins face-off versus Christoph Bertschy in Icehogs zone.
2:01 of 2nd period - Dillon Dube is hit by Zachary Sanford.
2:13 of 2nd period - Minor Penalty to Joonas Lyytinen for Tripping.
2:14 of 2nd period - Dillon Dube wins face-off versus Christoph Bertschy in Senators zone.
2:15 of 2nd period - Snap shot by Mikhail Grigorenko.
2:15 of 2nd period - Stopped by David Rittich without a rebound.
2:16 of 2nd period - Christoph Bertschy wins face-off versus Dillon Dube in Senators zone.
2:24 of 2nd period - Slapshot by Jordan Schmaltz.
2:24 of 2nd period - Deflect By Zachary Sanford.
2:24 of 2nd period - Stopped by Mackenzie Blackwood without a rebound.
2:25 of 2nd period - Christoph Bertschy wins face-off versus Dillon Dube in Icehogs zone.
3:10 of 2nd period - Wrist shot by Andrew Poturalski.
3:10 of 2nd period - Deflect By Nick Paul.
3:10 of 2nd period - Stopped by David Rittich with a rebound.
3:12 of 2nd period - Slapshot by Duncan Siemens.
3:12 of 2nd period - Deflect By Nick Paul.
3:12 of 2nd period - Shot Misses the Net.
3:12 of 2nd period - Puck is out of play.
3:13 of 2nd period - Dillon Dube wins face-off versus Christoph Bertschy in Senators zone.
3:14 of 2nd period - Wrist shot by Mikhail Grigorenko.
3:14 of 2nd period - Shot Misses the Net.
3:16 of 2nd period - Wrist shot by Patrick Sieloff.
3:16 of 2nd period - Stopped by David Rittich without a rebound.
3:17 of 2nd period - Dillon Dube wins face-off versus Christoph Bertschy in Senators zone.
4:00 of 2nd period - Penalty to Myles Bell is over, Myles Bell is back on ice.
4:13 of 2nd period - Penalty to Joonas Lyytinen is over, Joonas Lyytinen is back on ice.
4:17 of 2nd period - Snap shot by Andrew Poturalski.
4:17 of 2nd period - Shot Blocked by Jordan Schmaltz.
4:27 of 2nd period - Wrist shot by Christoph Bertschy.
4:27 of 2nd period - Stopped by Mackenzie Blackwood with a rebound.
4:29 of 2nd period - Slapshot by Zachary Sanford.
4:29 of 2nd period - Shot Misses the Net.
4:31 of 2nd period - Wrist shot by Christoph Bertschy.
4:31 of 2nd period - Goal by Christoph Bertschy - Senators : 3 - Icehogs : 2.
4:32 of 2nd period - Jacob De La Rose wins face-off versus Dillon Dube in neutral zone.
4:32 of 2nd period - Jacob De La Rose is hit by Julius Honka.
4:37 of 2nd period - Minor Penalty to Mikhail Grigorenko for Elbowing.
4:38 of 2nd period - Dillon Dube wins face-off versus Christoph Bertschy in Icehogs zone.
4:54 of 2nd period - Snap shot by Zachary Sanford.
4:54 of 2nd period - Shot Misses the Net.
5:42 of 2nd period - Nick Paul is hit by Zachary Sanford and loses puck.
6:37 of 2nd period - Penalty to Mikhail Grigorenko is over, Mikhail Grigorenko is back on ice.
7:19 of 2nd period - Wrist shot by Michael McCarron.
7:19 of 2nd period - Shot Misses the Net.
7:21 of 2nd period - Backhand shot by Mason Geertsen.
7:21 of 2nd period - Deflect By Jeremy Davies.
7:21 of 2nd period - Stopped by Mackenzie Blackwood without a rebound.
7:22 of 2nd period - Michael McCarron wins face-off versus Michael Rasmussen in Icehogs zone.
7:34 of 2nd period - Snap shot by Vitaly Abramov.
7:34 of 2nd period - Shot Hit the Post.
8:47 of 2nd period - Snap shot by Kurtis Gabriel.
8:47 of 2nd period - Shot Misses the Net.
8:49 of 2nd period - Snap shot by Nick Paul.
8:49 of 2nd period - Shot Blocked by Nikita Nesterov.
8:51 of 2nd period - Slapshot by Nick Paul.
8:51 of 2nd period - Shot Misses the Net.
8:53 of 2nd period - Snap shot by Nick Paul.
8:53 of 2nd period - Shot Misses the Net.
8:55 of 2nd period - Wrist shot by Calle Andersson.
8:55 of 2nd period - Shot Misses the Net.
9:09 of 2nd period - Slapshot by Andrew Poturalski.
9:09 of 2nd period - Shot Misses the Net.
9:15 of 2nd period - Slapshot by Brendan Perlini.
9:15 of 2nd period - Stopped by Mackenzie Blackwood with a rebound.
9:25 of 2nd period - Minor Penalty to Zach Whitecloud for Holding.
9:26 of 2nd period - Dillon Dube wins face-off versus Christoph Bertschy in Icehogs zone.
9:35 of 2nd period - Snap shot by Mikhail Grigorenko.
9:35 of 2nd period - Shot Blocked by Carl Grundstrom.
10:01 of 2nd period - Slapshot by Jordan Schmaltz.
10:01 of 2nd period - Stopped by Mackenzie Blackwood without a rebound.
10:02 of 2nd period - Christoph Bertschy wins face-off versus Dillon Dube in Icehogs zone.
10:07 of 2nd period - Wrist shot by Christoph Bertschy.
10:07 of 2nd period - Shot Misses the Net.
10:09 of 2nd period - Slapshot by Christoph Bertschy.
10:09 of 2nd period - Stopped by Mackenzie Blackwood with a rebound.
10:11 of 2nd period - Snap shot by Zachary Sanford.
10:11 of 2nd period - Stopped by Mackenzie Blackwood with a rebound.
11:05 of 2nd period - Grant Besse is hit by Patrick Sieloff and loses puck.
11:25 of 2nd period - Penalty to Zach Whitecloud is over, Zach Whitecloud is back on ice.
11:51 of 2nd period - Wrist shot by Vitaly Abramov.
11:51 of 2nd period - Shot Misses the Net.
12:01 of 2nd period - Mikhail Grigorenko is hit by David Kase and loses puck.
13:15 of 2nd period - Slapshot by Patrick Sieloff.
13:15 of 2nd period - Stopped by David Rittich with a rebound.
13:39 of 2nd period - Slapshot by Jeremy Davies.
13:39 of 2nd period - Shot Misses the Net.
14:29 of 2nd period - Slapshot by Kevin Rooney.
14:29 of 2nd period - Shot Misses the Net.
14:34 of 2nd period - Off-side.
14:35 of 2nd period - Kevin Rooney wins face-off versus Andrew Poturalski in neutral zone.
15:20 of 2nd period - Minor Penalty to Jordan Schmaltz for Hooking.
15:21 of 2nd period - Dillon Dube wins face-off versus Christoph Bertschy in Senators zone.
16:14 of 2nd period - Hudson Fasching is hit by Zachary Sanford and loses puck.
17:20 of 2nd period - Penalty to Jordan Schmaltz is over, Jordan Schmaltz is back on ice.
19:08 of 2nd period - Snap shot by Brendan Perlini.
19:08 of 2nd period - Stopped by Mackenzie Blackwood with a rebound.
Goals for this period are 2 for Senators vs 0 for Icehogs.
Shots for this period are 10 for Senators vs 6 for Icehogs.
3rd period
0:01 of 3rd period - Dillon Dube wins face-off versus Christoph Bertschy in neutral zone.
0:25 of 3rd period - J.T. Brown is hit by Jacob De La Rose and loses puck.
0:30 of 3rd period - Snap shot by Grant Besse.
0:30 of 3rd period - Shot Blocked by Myles Bell.
0:32 of 3rd period - Wrist shot by Nikita Nesterov.
0:32 of 3rd period - Deflect By J.T. Brown.
0:32 of 3rd period - Stopped by Mackenzie Blackwood with a rebound.
0:34 of 3rd period - Slapshot by Nikita Nesterov.
0:34 of 3rd period - Stopped by Mackenzie Blackwood with a rebound.
0:48 of 3rd period - Snap shot by Anton Karlsson.
0:48 of 3rd period - Shot Misses the Net.
0:50 of 3rd period - Slapshot by Jonas Siegenthaler.
0:50 of 3rd period - Stopped by Mackenzie Blackwood with a rebound.
0:52 of 3rd period - Slapshot by Jonas Siegenthaler.
0:52 of 3rd period - Shot Misses the Net.
0:54 of 3rd period - Snap shot by Anton Karlsson.
0:54 of 3rd period - Stopped by Mackenzie Blackwood with a rebound.
0:56 of 3rd period - Slapshot by Michael McCarron.
0:56 of 3rd period - Stopped by Mackenzie Blackwood with a rebound.
0:58 of 3rd period - Backhand shot by Jonas Siegenthaler.
0:58 of 3rd period - Deflect By Mike Reilly.
0:58 of 3rd period - Stopped by Mackenzie Blackwood with a rebound.
1:08 of 3rd period - Snap shot by J.T. Brown.
1:08 of 3rd period - Stopped by David Rittich without a rebound.
1:09 of 3rd period - Dillon Dube wins face-off versus Kevin Rooney in Senators zone.
1:22 of 3rd period - Slapshot by Kevin Rooney.
1:22 of 3rd period - Shot Misses the Net.
1:42 of 3rd period - Wrist shot by Zachary Sanford.
1:42 of 3rd period - Stopped by Mackenzie Blackwood with a rebound.
1:44 of 3rd period - Wrist shot by Zachary Sanford.
1:44 of 3rd period - Goal by Zachary Sanford - Senators : 4 - Icehogs : 2.
1:45 of 3rd period - Christoph Bertschy wins face-off versus Dillon Dube in neutral zone.
2:18 of 3rd period - Snap shot by Grant Besse.
2:18 of 3rd period - Stopped by Mackenzie Blackwood without a rebound.
2:19 of 3rd period - Christoph Bertschy wins face-off versus Andrew Poturalski in Icehogs zone.
2:20 of 3rd period - Wrist shot by Zachary Sanford.
2:20 of 3rd period - Shot Blocked by J.T. Brown.
2:22 of 3rd period - Wrist shot by Carl Grundstrom.
2:22 of 3rd period - Stopped by Mackenzie Blackwood without a rebound.
2:23 of 3rd period - J.T. Brown wins face-off versus Christoph Bertschy in Icehogs zone.
2:32 of 3rd period - Wrist shot by J.T. Brown.
2:32 of 3rd period - Deflect By Myles Bell.
2:32 of 3rd period - Shot Misses the Net.
2:32 of 3rd period - Puck is out of play.
2:33 of 3rd period - Carl Grundstrom wins face-off versus Dillon Dube in Senators zone.
2:44 of 3rd period - Snap shot by Mikhail Grigorenko.
2:44 of 3rd period - Shot Hit the Post.
2:46 of 3rd period - Slapshot by Dillon Dube.
2:46 of 3rd period - Goal by Dillon Dube - Senators : 4 - Icehogs : 3.
2:47 of 3rd period - Christoph Bertschy wins face-off versus Dillon Dube in neutral zone.
3:02 of 3rd period - Snap shot by Christoph Bertschy.
3:02 of 3rd period - Goal by Christoph Bertschy - Senators : 5 - Icehogs : 3.
3:03 of 3rd period - Dillon Dube wins face-off versus Christoph Bertschy in neutral zone.
3:05 of 3rd period - Minor Penalty to Mike Reilly for Hooking.
3:06 of 3rd period - Christoph Bertschy wins face-off versus Dillon Dube in Icehogs zone.
3:16 of 3rd period - Slapshot by Zachary Sanford.
3:16 of 3rd period - Shot Blocked by Patrick Sieloff.
4:11 of 3rd period - Grant Besse is hit by Andrew Poturalski and loses puck.
5:05 of 3rd period - Penalty to Mike Reilly is over, Mike Reilly is back on ice.
5:39 of 3rd period - Snap shot by Duncan Siemens.
5:39 of 3rd period - Deflect By Anton Karlsson.
5:39 of 3rd period - Stopped by David Rittich with a rebound.
6:55 of 3rd period - Snap shot by Kurtis Gabriel.
6:55 of 3rd period - Shot Misses the Net.
8:10 of 3rd period - Julius Honka is hit by Kevin Rooney and loses puck.
8:33 of 3rd period - Julius Honka is hit by Christoph Bertschy.
8:40 of 3rd period - Icing by Christoph Bertschy.
8:41 of 3rd period - Dillon Dube wins face-off versus Christoph Bertschy in Senators zone.
8:48 of 3rd period - Hudson Fasching is hit by Keegan Lowe.
8:52 of 3rd period - Snap shot by Zachary Sanford.
8:52 of 3rd period - Shot Misses the Net.
8:54 of 3rd period - Slapshot by Mason Geertsen.
8:54 of 3rd period - Stopped by Mackenzie Blackwood with a rebound.
9:25 of 3rd period - Wrist shot by Patrick Sieloff.
9:25 of 3rd period - Shot Blocked by Zachary Sanford.
9:44 of 3rd period - Snap shot by Zachary Sanford.
9:44 of 3rd period - Shot Blocked by Hudson Fasching.
9:46 of 3rd period - Slapshot by Nikita Nesterov.
9:46 of 3rd period - Deflect By Christoph Bertschy.
9:46 of 3rd period - Stopped by Mackenzie Blackwood with a rebound.
10:10 of 3rd period - Snap shot by Hudson Fasching.
10:10 of 3rd period - Stopped by David Rittich with a rebound.
10:16 of 3rd period - Snap shot by Hudson Fasching.
10:16 of 3rd period - Deflect By Dillon Dube.
10:16 of 3rd period - Stopped by David Rittich with a rebound.
10:36 of 3rd period - Wrist shot by Mikhail Grigorenko.
10:36 of 3rd period - Stopped by David Rittich with a rebound.
10:58 of 3rd period - Wrist shot by Hudson Fasching.
10:58 of 3rd period - Shot Blocked by Joonas Lyytinen.
11:26 of 3rd period - Snap shot by Zachary Sanford.
11:26 of 3rd period - Shot Misses the Net.
11:28 of 3rd period - Snap shot by Nikita Nesterov.
11:28 of 3rd period - Stopped by Mackenzie Blackwood without a rebound.
11:29 of 3rd period - Andrew Poturalski wins face-off versus Jacob De La Rose in Icehogs zone.
11:29 of 3rd period - Andrew Poturalski is hit by Grant Besse.
11:37 of 3rd period - Slapshot by Mike Reilly.
11:37 of 3rd period - Stopped by David Rittich without a rebound.
11:38 of 3rd period - Andrew Poturalski wins face-off versus Jacob De La Rose in Senators zone.
11:39 of 3rd period - Wrist shot by J.T. Brown.
11:39 of 3rd period - Stopped by David Rittich with a rebound.
12:21 of 3rd period - Wrist shot by Jacob De La Rose.
12:21 of 3rd period - Stopped by Mackenzie Blackwood with a rebound.
12:23 of 3rd period - Wrist shot by Jacob De La Rose.
12:23 of 3rd period - Shot Misses the Net.
12:25 of 3rd period - Slapshot by Jordan Schmaltz.
12:25 of 3rd period - Shot Misses the Net.
12:31 of 3rd period - Snap shot by Jacob De La Rose.
12:31 of 3rd period - Stopped by Mackenzie Blackwood with a rebound.
12:33 of 3rd period - Wrist shot by Grant Besse.
12:33 of 3rd period - Shot Blocked by Andrew Poturalski.
12:35 of 3rd period - Slapshot by Jordan Schmaltz.
12:35 of 3rd period - Shot Misses the Net.
12:49 of 3rd period - Snap shot by Jacob De La Rose.
12:49 of 3rd period - Shot Misses the Net.
12:51 of 3rd period - Backhand shot by Grant Besse.
12:51 of 3rd period - Shot Misses the Net.
12:57 of 3rd period - Slapshot by Brendan Perlini.
12:57 of 3rd period - Stopped by Mackenzie Blackwood with a rebound.
12:59 of 3rd period - Wrist shot by Keegan Lowe.
12:59 of 3rd period - Stopped by Mackenzie Blackwood with a rebound.
13:01 of 3rd period - Snap shot by Keegan Lowe.
13:01 of 3rd period - Shot Misses the Net.
13:03 of 3rd period - Snap shot by Jacob De La Rose.
13:03 of 3rd period - Shot Blocked by Andrew Poturalski.
13:27 of 3rd period - Minor Penalty to Mike Reilly for Hooking.
13:28 of 3rd period - C.J Suess wins face-off versus Michael Rasmussen in Icehogs zone.
15:27 of 3rd period - Penalty to Mike Reilly is over, Mike Reilly is back on ice.
17:01 of 3rd period - Grant Besse is hit by J.T. Brown and loses puck.
18:54 of 3rd period - Myles Bell is hit by Jacob De La Rose and loses puck.
19:17 of 3rd period - Zachary Sanford is hit by Nick Paul and loses puck.
19:46 of 3rd period - Carl Grundstrom is hit by Jeremy Davies and loses puck.
Goals for this period are 2 for Senators vs 1 for Icehogs.
Shots for this period are 18 for Senators vs 8 for Icehogs.